TOP OF THE 1ST |
Rocky Point HS Eagles batting - Pitching for Fresno HS Red Wings : RHP Michel Bernatchez
|
Pitching: RHP Michel Bernatchez
|
|
Batting: RHB Joe Lewis
|
0-0: Ball 1-0: Foul Ball, location: 2F 1-1: Foul Ball, location: 2F 1-2: Foul Ball, location: 2F 1-2: Ball 2-2: Foul Ball, location: 2F 2-2: Ball 3-2: Base on Balls
|
Batting: LHB Will Robinson
|
0-0: Foul Ball, location: 2F 0-1: Fly out, F7 (Flyball, 78D)
|
Batting: SHB Josh Conner
|
0-0: Foul Ball, location: 2F 0-1: Ball 1-1: Swinging Strike 1-2: Ball 2-2: Strikes out swinging
|
Batting: RHB Jason Fuller
|
0-0: Ball 1-0: Called Strike 1-1: Foul Ball, location: 2F 1-2: Foul Ball, location: 2F 1-2: DOUBLE (Line Drive, 56D) Joe Lewis to third Runner from 3rd tries for Home, SAFE, no throw or cutoff
|
Batting: SHB Jean-François St-Amant
|
0-0: Ball 1-0: Ball 2-0: Ball 3-0: Called Strike 3-1: Base on Balls
|
Batting: RHB Jim Sharry
|
0-0: Ball 1-0: Foul Ball, location: 2F 1-1: Ground out U3 (Groundball, 3)
|
Top of the 1st over - 1 run(s), 1 hit(s), 0 error(s), 2 left on base; Rocky Point HS 1 - Fresno HS 0 |
BOTTOM OF THE 1ST |
Fresno HS Red Wings batting - Pitching for Rocky Point HS Eagles : RHP Jason Carrière
|
Pitching: RHP Jason Carrière
|
|
Batting: RHB Chris Osborn
|
0-0: Called Strike 0-1: Foul Ball, location: 2F 0-2: Strikes out swinging
|
Batting: RHB Jack Hogan
|
0-0: Ball 1-0: Ball 2-0: Foul Ball, location: 2F 2-1: Called Strike 2-2: Ball 3-2: Fly out, F7 (Flyball, 7M)
|
Batting: RHB Juan Bruno
|
0-0: Foul Ball, location: 2F 0-1: Ball 1-1: Ball 2-1: Foul Ball, location: 2F 2-2: Strikes out swinging
|
Bottom of the 1st over - 0 run(s), 0 hit(s), 0 error(s), 0 left on base; Rocky Point HS 1 - Fresno HS 0 |
TOP OF THE 2ND |
Rocky Point HS Eagles batting - Pitching for Fresno HS Red Wings : RHP Michel Bernatchez
|
Batting: SHB Ralph Marshall
|
0-0: SOLO HOME RUN (Flyball, 78D), Distance : 371 ft
|
Batting: LHB Tom York
|
0-0: Foul Ball, location: 2F 0-1: Hit by Pitch
|
Batting: RHB Bill Bourland
|
0-0: Called Strike Tom York steals 2nd base 0-1: Ball 1-1: Ball 2-1: Ball 3-1: Base on Balls
|
Batting: RHB Joe Lewis
|
0-0: Foul Ball, location: 2F 0-1: Foul Ball, location: 2F 0-2: Foul Ball, location: 2F 0-2: Strikes out swinging
|
Batting: LHB Will Robinson
|
0-0: Foul Ball, location: 2F 0-1: Fly out, F9 (Flyball, 89S)
|
Batting: SHB Josh Conner
|
0-0: Ball 1-0: SINGLE (Line Drive, 4MD) Tom York to third Bill Bourland to second Runner from 3rd tries for Home, SAFE, no throw or cutoff
|
Batting: RHB Jason Fuller
|
0-0: Foul Ball, location: 2F 0-1: DOUBLE (Line Drive, 5D) Bill Bourland scores Josh Conner to third Runner from 3rd tries for Home, SAFE, no throw or cutoff
|
Batting: SHB Jean-François St-Amant
|
0-0: Called Strike 0-1: Called Strike 0-2: Ball 1-2: Foul Ball, location: 2F 1-2: Ball 2-2: Ball 3-2: Strikes out looking
|
Top of the 2nd over - 4 run(s), 3 hit(s), 0 error(s), 1 left on base; Rocky Point HS 5 - Fresno HS 0 |
BOTTOM OF THE 2ND |
Fresno HS Red Wings batting - Pitching for Rocky Point HS Eagles : RHP Jason Carrière
|
Batting: LHB Jack Mitchell
|
0-0: Ball 1-0: Swinging Strike 1-1: Foul Ball, location: 2F 1-2: Ball 2-2: Ball 3-2: Base on Balls
|
Batting: RHB Ward Dempsey
|
0-0: Called Strike 0-1: Swinging Strike 0-2: Strikes out swinging
|
Batting: RHB Matt Snow
|
0-0: Ball 1-0: Ball 2-0: Fly out, F7 (Flyball, 7S)
|
Batting: RHB Bobby Burks
|
0-0: Ball 1-0: Called Strike 1-1: Fly out, F8 (Flyball, 8RM)
|
Bottom of the 2nd over - 0 run(s), 0 hit(s), 0 error(s), 1 left on base; Rocky Point HS 5 - Fresno HS 0 |
TOP OF THE 3RD |
Rocky Point HS Eagles batting - Pitching for Fresno HS Red Wings : RHP Michel Bernatchez
|
Batting: RHB Jim Sharry
|
0-0: Ball 1-0: Swinging Strike 1-1: Ball 2-1: Foul Ball, location: 2F 2-2: SINGLE (Line Drive, 6MD)
|
Batting: SHB Ralph Marshall
|
0-0: Called Strike 0-1: SINGLE (Groundball, 3D) Jim Sharry to second Runner from 2nd tries for 3rd, SAFE, throw made to third
|
Batting: LHB Tom York
|
0-0: Called Strike 0-1: Grounds out, U3 (Groundball, 3L) Jim Sharry scores
|
Batting: RHB Bill Bourland
|
Balk! Ralph Marshall to third 0-0: Foul Ball, location: 2F 0-1: Foul Ball, location: 2F 0-2: SINGLE (Line Drive, 4) Ralph Marshall scores
|
Batting: RHB Joe Lewis
|
0-0: Ball 1-0: Called Strike 1-1: Called Strike 1-2: Ball 2-2: Grounds into double play, 4-6-3 (Groundball, 4)
|
Top of the 3rd over - 2 run(s), 3 hit(s), 0 error(s), 0 left on base; Rocky Point HS 7 - Fresno HS 0 |
BOTTOM OF THE 3RD |
Fresno HS Red Wings batting - Pitching for Rocky Point HS Eagles : RHP Jason Carrière
|
Batting: RHB Joel García
|
0-0: Ball 1-0: SOLO HOME RUN (Flyball, 7D), Distance : 359 ft
|
Batting: RHB Cristo Avalos
|
0-0: Fly out, F8 (Flyball, 78M)
|
Batting: RHB Chris Osborn
|
0-0: Ball 1-0: Ball 2-0: Called Strike 2-1: Foul Ball, location: 2F 2-2: Foul Ball, location: 2F 2-2: Ball 3-2: Fly out, F7 (Flyball, 78M)
|
Batting: RHB Jack Hogan
|
0-0: SINGLE (Groundball, 56D)
|
Batting: RHB Juan Bruno
|
0-0: Ball 1-0: Ball 2-0: Ball 3-0: Base on Balls Jack Hogan to second
|
Batting: LHB Jack Mitchell
|
0-0: Ball 1-0: Fielders Choice at 2nd, U6 (Groundball, 6M)
|
Bottom of the 3rd over - 1 run(s), 2 hit(s), 0 error(s), 2 left on base; Rocky Point HS 7 - Fresno HS 1 |
TOP OF THE 4TH |
Rocky Point HS Eagles batting - Pitching for Fresno HS Red Wings : RHP Michel Bernatchez
|
Pitching: RHP Greg Cooper
|
|
Batting: LHB Will Robinson
|
0-0: Foul Ball, location: 2F 0-1: Called Strike 0-2: Strikes out swinging
|
Batting: SHB Josh Conner
|
0-0: Foul Ball, location: 2F 0-1: Fly out, F8 (Flyball, 78M)
|
Batting: RHB Jason Fuller
|
0-0: Foul Ball, location: 2F 0-1: SINGLE (Line Drive, 78M)
|
Batting: SHB Jean-François St-Amant
|
0-0: Ball 1-0: Swinging Strike 1-1: Ball 2-1: Ball 3-1: Base on Balls Jason Fuller to second
|
Batting: RHB Jim Sharry
|
0-0: Called Strike 0-1: Ball 1-1: Ground out 5-3 (Groundball, 56S)
|
Top of the 4th over - 0 run(s), 1 hit(s), 0 error(s), 2 left on base; Rocky Point HS 7 - Fresno HS 1 |
BOTTOM OF THE 4TH |
Fresno HS Red Wings batting - Pitching for Rocky Point HS Eagles : RHP Jason Carrière
|
Batting: RHB Ward Dempsey
|
0-0: Ball 1-0: Ball 2-0: Ball 3-0: Base on Balls
|
Batting: RHB Matt Snow
|
0-0: Swinging Strike 0-1: Swinging Strike 0-2: Ball 1-2: Strikes out swinging
|
Batting: RHB Bobby Burks
|
0-0: Foul Ball, location: 2F 0-1: Ball 1-1: Fly out, F4 (Popup, 4)
|
Batting: RHB Joel García
|
0-0: Called Strike 0-1: Foul Ball, location: 2F 0-2: Fielders Choice at 2nd, U6 (Groundball, 6M)
|
Bottom of the 4th over - 0 run(s), 0 hit(s), 0 error(s), 1 left on base; Rocky Point HS 7 - Fresno HS 1 |
TOP OF THE 5TH |
Rocky Point HS Eagles batting - Pitching for Fresno HS Red Wings : RHP Greg Cooper
|
Batting: SHB Ralph Marshall
|
0-0: Ground out 4-3 (Groundball, 4)
|
Batting: LHB Tom York
|
0-0: Foul Ball, location: 2F 0-1: Ball 1-1: Called Strike 1-2: SINGLE (Groundball, 4MD)
|
Batting: RHB Bill Bourland
|
0-0: Ball 1-0: Ball 2-0: Fly out, F8 (Flyball, 8RM)
|
Batting: RHB Joe Lewis
|
0-0: Foul Ball, location: 2F 0-1: Ball 1-1: Fly out, F7 (Flyball, 78M)
|
Top of the 5th over - 0 run(s), 1 hit(s), 0 error(s), 1 left on base; Rocky Point HS 7 - Fresno HS 1 |
BOTTOM OF THE 5TH |
Fresno HS Red Wings batting - Pitching for Rocky Point HS Eagles : RHP Jason Carrière
|
Batting: RHB Cristo Avalos
|
0-0: Ball 1-0: Ball 2-0: Ball 3-0: Called Strike 3-1: DOUBLE (Line Drive, 78M)
|
Batting: RHB Chris Osborn
|
0-0: Ball 1-0: Called Strike 1-1: Ball 2-1: Foul Ball, location: 2F 2-2: SINGLE (Line Drive, 4D) Cristo Avalos to third
|
Batting: RHB Jack Hogan
|
0-0: Ball 1-0: Foul Ball, location: 2F 1-1: Ball 2-1: Called Strike 2-2: Foul Ball, location: 2F 2-2: Strikes out swinging
|
Batting: RHB Juan Bruno
|
0-0: Ball Reached via error on a dropped throw, E6 Cristo Avalos scores Chris Osborn to second
|
Batting: LHB Jack Mitchell
|
0-0: Ball 1-0: Ball 2-0: Ball Throwing error on steal attempt, E2 Chris Osborn scores Juan Bruno to third 3-0: Called Strike 3-1: Base on Balls
|
Pitching: RHP Matt Taylor
|
|
Batting: RHB Ward Dempsey
|
0-0: Ball 1-0: Foul Ball, location: 2F 1-1: Fielders Choice at 2nd, 3-6 (Groundball, 3) Juan Bruno scores
|
Batting: RHB Matt Snow
|
0-0: Ball 1-0: Called Strike 1-1: Called Strike 1-2: Ball 2-2: Fly out, F8 (Flyball, 89M)
|
Bottom of the 5th over - 3 run(s), 2 hit(s), 2 error(s), 1 left on base; Rocky Point HS 7 - Fresno HS 4 |
TOP OF THE 6TH |
Rocky Point HS Eagles batting - Pitching for Fresno HS Red Wings : RHP Greg Cooper
|
Batting: LHB Will Robinson
|
0-0: Foul Ball, location: 2F 0-1: Ball 1-1: Foul Ball, location: 2F 1-2: Ball 2-2: Ground out U3 (Groundball, 3)
|
Batting: SHB Josh Conner
|
0-0: Called Strike 0-1: SOLO HOME RUN (Flyball, 89XD), Distance : 367 ft
|
Batting: RHB Jason Fuller
|
0-0: Ball 1-0: Foul Ball, location: 2F 1-1: Ball 2-1: Called Strike 2-2: Ground out 4-3 (Groundball, 4)
|
Batting: SHB Jean-François St-Amant
|
0-0: Ball 1-0: Ball 2-0: Called Strike 2-1: Ball 3-1: Foul Ball, location: 2F 3-2: Foul Ball, location: 2F 3-2: Reached on Error, E9 (Flyball, 89M)
|
Pitching: RHP Qi-chen Mi
|
|
Batting: RHB Jim Sharry
|
0-0: Ball 1-0: Called Strike 1-1: Foul Ball, location: 2F 1-2: Ball 2-2: Fly out, F2 (Popup, 2L)
|
Top of the 6th over - 1 run(s), 1 hit(s), 1 error(s), 1 left on base; Rocky Point HS 8 - Fresno HS 4 |
BOTTOM OF THE 6TH |
Fresno HS Red Wings batting - Pitching for Rocky Point HS Eagles : RHP Matt Taylor
|
Batting: RHB Bobby Burks
|
0-0: Ball 1-0: Foul Ball, location: 2F 1-1: Ball 2-1: Ground out U3 (Groundball, 3S)
|
Batting: RHB Joel García
|
0-0: Foul Ball, location: 2F 0-1: Ball 1-1: Foul Ball, location: 2F 1-2: Ball 2-2: Strikes out looking
|
Batting: RHB Cristo Avalos
|
0-0: Ball 1-0: Ball 2-0: Foul Ball, location: 2F 2-1: Ball 3-1: Base on Balls
|
Batting: RHB Chris Osborn
|
0-0: Ball 1-0: Called Strike 1-1: Swinging Strike 1-2: Strikes out looking
|
Bottom of the 6th over - 0 run(s), 0 hit(s), 0 error(s), 1 left on base; Rocky Point HS 8 - Fresno HS 4 |
TOP OF THE 7TH |
Rocky Point HS Eagles batting - Pitching for Fresno HS Red Wings : RHP Qi-chen Mi
|
Batting: SHB Ralph Marshall
|
0-0: Called Strike 0-1: Ground out 1-3 (Groundball, 25)
|
Batting: LHB Tom York
|
0-0: Swinging Strike 0-1: Ball 1-1: Ball 2-1: Ball 3-1: Foul Ball, location: 2F 3-2: Strikes out looking
|
Batting: RHB Bill Bourland
|
0-0: Foul Ball, location: 2F 0-1: Ball 1-1: Foul Ball, location: 2F 1-2: Foul Ball, location: 2F 1-2: Ball 2-2: Ball 3-2: Base on Balls
|
Batting: RHB Joe Lewis
|
0-0: Ball 1-0: Swinging Strike 1-1: Swinging Strike 1-2: Foul Ball, location: 2F 1-2: Ball 2-2: Strikes out looking
|
Top of the 7th over - 0 run(s), 0 hit(s), 0 error(s), 1 left on base; Rocky Point HS 8 - Fresno HS 4 |
BOTTOM OF THE 7TH |
Fresno HS Red Wings batting - Pitching for Rocky Point HS Eagles : RHP Matt Taylor
|
Batting: RHB Jack Hogan
|
0-0: Ball 1-0: Foul Ball, location: 2F 1-1: SINGLE (Line Drive, 56)
|
Batting: RHB Juan Bruno
|
0-0: SINGLE (Line Drive, 6MD) Jack Hogan to second
|
Batting: LHB Jack Mitchell
|
0-0: Ball 1-0: SINGLE (Groundball, 56D) Jack Hogan to third Juan Bruno to second
|
Batting: RHB Ward Dempsey
|
0-0: Called Strike 0-1: Called Strike 0-2: Foul Ball, location: 2F 0-2: Strikes out swinging
|
Pitching: RHP Clay Daniels
|
|
Batting: RHB Matt Snow
|
0-0: Ball 1-0: Ball 2-0: Ball 3-0: Base on Balls Jack Hogan scores Juan Bruno to third Jack Mitchell to second
|
Batting: RHB Bobby Burks
|
0-0: Ball 1-0: Foul Ball, location: 2F 1-1: Foul Ball, location: 2F 1-2: Ball 2-2: Ball 3-2: Base on Balls Juan Bruno scores Jack Mitchell to third Matt Snow to second
|
Batting: RHB Joel García
|
0-0: Called Strike 0-1: Ball 1-1: Ball Wild Pitch! Jack Mitchell scores Matt Snow to third Bobby Burks to second 2-1: Ball 3-1: Base on Balls
|
Batting: RHB Cristo Avalos
|
0-0: Ball 1-0: Ball 2-0: Called Strike 2-1: Ball 3-1: SINGLE (Line Drive, 89S) Matt Snow scores Bobby Burks to third Joel García to second
|
Batting: RHB Chris Osborn
|
0-0: Ball 1-0: Foul Ball, location: 2F 1-1: Swinging Strike 1-2: Ball 2-2: Ball 3-2: Base on Balls Bobby Burks scores Joel García to third Cristo Avalos to second
|
Batting: RHB Jack Hogan
|
0-0: Ball 1-0: Ball 2-0: Ball 3-0: Foul Ball, location: 2F 3-1: Base on Balls Joel García scores Cristo Avalos to third Chris Osborn to second
|
Batting: RHB Juan Bruno
|
0-0: Ball 1-0: Swinging Strike 1-1: SINGLE (Groundball, 34D) Cristo Avalos scores Chris Osborn to third Jack Hogan to second
|
Pitching: RHP Chet Miller
|
|
Batting: LHB Jack Mitchell
|
0-0: SINGLE (Groundball, 4MD) Chris Osborn scores Jack Hogan to third Juan Bruno to second
|
Batting: RHB Ward Dempsey
|
0-0: Grounds into double play, 4-6-3 (Groundball, 4)
|
Bottom of the 7th over - 8 run(s), 6 hit(s), 0 error(s), 2 left on base; Rocky Point HS 8 - Fresno HS 12 |
TOP OF THE 8TH |
Rocky Point HS Eagles batting - Pitching for Fresno HS Red Wings : RHP Qi-chen Mi
|
Batting: LHB Will Robinson
|
0-0: Called Strike 0-1: Ball 1-1: Foul Ball, location: 2F 1-2: SINGLE (Groundball, 4MD)
|
Pitching: RHP Jeff Pope
|
|
Batting: SHB Josh Conner
|
0-0: Called Strike 0-1: Fielders Choice at 2nd, 6-4 (Groundball, 6M)
|
Batting: RHB Jason Fuller
|
0-0: Ball 1-0: Foul Ball, location: 2F 1-1: Swinging Strike 1-2: Strikes out swinging
|
Batting: SHB Jean-François St-Amant
|
0-0: Ball 1-0: Called Strike 1-1: Foul Ball, location: 2F 1-2: Strikes out looking
|
Top of the 8th over - 0 run(s), 1 hit(s), 0 error(s), 1 left on base; Rocky Point HS 8 - Fresno HS 12 |
BOTTOM OF THE 8TH |
Fresno HS Red Wings batting - Pitching for Rocky Point HS Eagles : RHP Chet Miller
|
Batting: RHB Matt Snow
|
0-0: Ball 1-0: Swinging Strike 1-1: Foul Ball, location: 2F 1-2: Ball 2-2: Strikes out looking
|
Batting: RHB Bobby Burks
|
0-0: Ball 1-0: Called Strike 1-1: Called Strike 1-2: Ball 2-2: Foul Ball, location: 2F 2-2: Ball 3-2: Strikes out looking
|
Batting: RHB Joel García
|
0-0: Swinging Strike 0-1: Foul Ball, location: 2F 0-2: Ground out 6-3 (Groundball, 6M)
|
Bottom of the 8th over - 0 run(s), 0 hit(s), 0 error(s), 0 left on base; Rocky Point HS 8 - Fresno HS 12 |
TOP OF THE 9TH |
Rocky Point HS Eagles batting - Pitching for Fresno HS Red Wings : RHP Jeff Pope
|
Batting: RHB Jim Sharry
|
0-0: Foul Ball, location: 2F 0-1: Ball 1-1: Swinging Strike 1-2: Foul Ball, location: 2F 1-2: Ball 2-2: Ball 3-2: Strikes out swinging
|
Batting: SHB Ralph Marshall
|
0-0: Ball 1-0: Called Strike 1-1: Swinging Strike 1-2: Strikes out swinging
|
Batting: LHB Tom York
|
0-0: Called Strike 0-1: Foul Ball, location: 2F 0-2: Strikes out swinging passed ball, reaches first!
|
Batting: RHB Bill Bourland
|
0-0: Called Strike 0-1: Ball 1-1: Swinging Strike 1-2: Ball 2-2: Foul Ball, location: 2F 2-2: Strikes out swinging
|
Top of the 9th over - 0 run(s), 0 hit(s), 0 error(s), 1 left on base; Rocky Point HS 8 - Fresno HS 12 |
|